[Event "ICC tourney 2171 (3 2)"]
[Site "Internet Chess Club"]
[Date "2020.12.05"]
[Round "9"]
[White "clair"]
[Black "pmchess98"]
[Result "0-1"]
[ICCResult "White checkmated"]
[WhiteElo "1178"]
[BlackElo "1411"]
[Opening "Queen's pawn: London system"]
[ECO "A45"]
[NIC "QP.07"]
[Time "00:13:06"]
[TimeControl "180+2"]

1. d4 Nf6 2. Bf4 d5 3. e3 Bf5 4. c4 e6 5. Qb3 Bxb1 6. Rxb1 b6 7. cxd5 Nxd5
8. Bb5+ Nd7 9. Be5 f6 10. Bg3 Bd6 11. Bxd6 cxd6 12. Qa4 Nc7 13. Bc6 Rb8 14.
Qxa7 O-O 15. Qa3 d5 16. Nf3 b5 17. Qd6 Kf7 18. Qxd7+ Qxd7 19. Bxd7 Ke7 20.
Bc6 Kd6 21. Rc1 Rb6 22. O-O Rxc6 23. Rxc6+ Kxc6 24. Rc1+ Kd6 25. b4 Ra8 26.
Ra1 Ra3 27. h3 Na6 28. Nd2 Nxb4 29. Rb1 Rxa2 30. Rxb4 Rxd2 31. Rxb5 Rd1+ 32.
Kh2 e5 33. dxe5+ fxe5 34. Rb7 d4 35. exd4 exd4 36. Rxg7 d3 37. Rxh7 d2 38.
Rh4 Ke5 39. Rh5+ Kd4 40. Rh8 Rf1 41. Rd8+ Kc3 42. Rxd2 Kxd2 43. Kg3 Ke2 44.
f3 Ke3 45. h4 Rh1 46. Kg4 Kd4 47. g3 Ke5 48. f4+ Kf6 49. h5 Rh2 50. Kf3 Rxh5
51. g4 Rh3+ 52. Ke4 Rg3 53. g5+ Kg6 54. Ke5 Rg4 55. Ke4 Rh4 56. Kf3 Kf5 57.
Kg3 Rxf4 58. g6 Ra4 59. g7 Ra8 60. g8=Q Rxg8+ 61. Kf3 Rg4 62. Ke3 Ke5 63.
Kf3 Kf5 64. Ke3 Rf4 65. Kd3 Re4 66. Kc3 Ke5 67. Kd3 Kd5 68. Kc3 Rd4 69. Kc2
Kc4 70. Kb2 Rd3 71. Kc2 Kd4 72. Kb2 Rc3 73. Ka2 Kc4 74. Kb2 Kb4 75. Ka2 Rb3
76. Ka1 Kc3 77. Ka2 Kc2 78. Ka1 Ra3# {White checkmated} 0-1

[Event "ICC tourney 2171 (3 2)"]
[Site "Internet Chess Club"]
[Date "2020.12.05"]
[Round "9"]
[White "jaumevivesb"]
[Black "GrandPatzer5"]
[Result "0-1"]
[ICCResult "White forfeits on time"]
[WhiteElo "1321"]
[BlackElo "1852"]
[Opening "Giuoco Pianissimo: Canal variation"]
[ECO "C50"]
[NIC "IG.02"]
[Time "00:13:07"]
[TimeControl "180+2"]

1. e4 e5 2. Nf3 Nc6 3. Bc4 Bc5 4. Nc3 Nf6 5. d3 d6 6. Bg5 h6 7. Be3 Bg4 8.
h3 Be6 9. Qd2 Nd4 10. Bxd4 exd4 11. Ne2 Bxc4 12. dxc4 Nxe4 13. Qd3 Nf6 14.
Nexd4 O-O 15. O-O Qd7 16. Rfe1 Rae8 17. c3 d5 18. cxd5 Qxd5 19. Rad1 Nh5 20.
Qb5 Rxe1+ 21. Rxe1 Nf4 22. Re5 Qxa2 23. Rxc5 Qb1+ 24. Kh2 c6 25. Qc4 Qxb2
26. Rf5 Nd5 27. Qd3 Qxc3 28. Qxc3 Nxc3 29. Ra5 a6 30. Ra3 Ne4 31. Rb3 b5 32.
Nxc6 Nxf2 33. Kg3 Ne4+ 34. Kf4 Nc5 35. Rc3 Ne6+ 36. Ke3 g5 37. Nfe5 Kg7 38.
g4 Nf4 39. Ke4 f6 40. Nd3 Re8+ 41. Kf3 Nxh3 42. Nd4 Ng1+ 43. Kf2 Nh3+ 44.
Kg3 Nf4 45. Nf5+ Kg6 46. Nxf4+ gxf4+ 47. Kxf4 Rf8 48. Nh4+ Kg7 49. Rc7+ Rf7
50. Nf5+ Kg6 51. Rc6 a5 52. Rb6 b4 53. Rb5 Ra7 54. Nh4+ Kg7 55. Nf5+ Kf8 56.
Nxh6 Ke7 57. Nf5+ Ke6 58. Nd4+ Kd6 59. Kf5 Kc7 60. Kxf6 Ra6+ 61. Ke5 Rg6 62.
Ne6+ Kc6 63. Nd4+ Kc7 64. Rxa5 Rg5+ 65. Nf5 Rxg4 66. Rc5+ Kb6 67. Kd5 Rg5
68. Rc6+ Kb5 69. Rc5+ Kb6 70. Rc6+ Kb7 71. Rf6 b3 72. Rf7+ Kb6 73. Rf6+ Kb5
74. Ke4 b2 75. Nd4+ Kc4 76. Rf1 Rg4+ 77. Ke3 Rxd4 {White forfeits on time}
0-1

[Event "ICC tourney 2171 (3 2)"]
[Site "Internet Chess Club"]
[Date "2020.12.05"]
[Round "10"]
[White "avocuddle"]
[Black "Pugnacious"]
[Result "1-0"]
[ICCResult "Black resigns"]
[WhiteElo "1463"]
[BlackElo "1617"]
[Opening "Kevitz-Trajkovich defense"]
[ECO "A50"]
[NIC "QP.07"]
[Time "00:27:20"]
[TimeControl "180+2"]

1. d4 Nf6 2. c4 Nc6 3. Nc3 e5 4. d5 Ne7 5. e4 Ng6 6. h4 Bc5 7. h5 Ne7 8. Bg5
d6 9. h6 Ng6 10. hxg7 Rg8 11. Qf3 Nf4 12. Rh6 Qd7 13. Bxf6 a6 14. Rxh7 b5
15. Rh8 {Black resigns} 1-0

[Event "ICC tourney 2171 (3 2)"]
[Site "Internet Chess Club"]
[Date "2020.12.05"]
[Round "10"]
[White "avbhosale"]
[Black "yogokings12"]
[Result "0-1"]
[ICCResult "White resigns"]
[WhiteElo "1184"]
[BlackElo "1496"]
[Opening "Sicilian: dragon variation"]
[ECO "B70"]
[NIC "SI.15"]
[Time "00:27:25"]
[TimeControl "180+2"]

1. e4 c5 2. Nf3 d6 3. d4 cxd4 4. Nxd4 Nf6 5. Nc3 g6 6. Bc4 Bg7 7. Be3 Ng4 8.
Bb5+ Kf8 9. h3 Nxe3 10. fxe3 Bf6 11. g3 Kg7 12. Qd2 a6 13. Bd3 Nc6 14. Nxc6
bxc6 15. O-O-O e6 16. b3 a5 17. Ne2 a4 18. bxa4 Rxa4 19. h4 Rxa2 20. c3 Rxd2
21. Rxd2 d5 22. exd5 cxd5 23. h5 Bd7 24. hxg6 hxg6 25. Rf1 Qa5 26. Kd1 Qa1+
27. Nc1 Ba4+ 28. Ke2 Rh2+ 29. Kf3 Rxd2 30. Nb3 Qxf1+ 31. Bxf1 Bxb3 32. Bh3
Bxc3 33. Kg4 Bd1+ {White resigns} 0-1

[Event "ICC tourney 2171 (3 2)"]
[Site "Internet Chess Club"]
[Date "2020.12.05"]
[Round "10"]
[White "Kyle45"]
[Black "BreatheChessAls"]
[Result "0-1"]
[ICCResult "White resigns"]
[WhiteElo "1429"]
[BlackElo "1684"]
[Opening "Sicilian defense"]
[ECO "B30"]
[NIC "SI.31"]
[Time "00:27:16"]
[TimeControl "180+2"]

1. e4 c5 2. Nf3 Nc6 3. c3 Nf6 4. e5 Nd5 5. Bc4 Nb6 6. Bb5 d6 7. exd6 exd6 8.
Bxc6+ bxc6 9. O-O Be7 10. Re1 O-O 11. d4 cxd4 12. cxd4 Nd5 13. Be3 Rb8 14.
b3 Bg4 15. Nbd2 Bf6 16. Qc2 c5 17. Rac1 Nb4 18. Qe4 Bxf3 19. Nxf3 Nxa2 20.
Ra1 Nc3 21. Qd3 Nd5 22. Rxa7 Nxe3 23. fxe3 Qb6 24. Ra3 Qb4 25. Rea1 cxd4 26.
exd4 Rfc8 27. h3 Rc3 28. Qe4 Rxf3 29. Ra8 Qxd4+ 30. Kh1 Rxh3+ 31. gxh3 Qxe4+
32. Kh2 Rxa8 {White resigns} 0-1

[Event "ICC tourney 2171 (3 2)"]
[Site "Internet Chess Club"]
[Date "2020.12.05"]
[Round "10"]
[White "KRASAVCHIK"]
[Black "CaptK"]
[Result "1-0"]
[ICCResult "Black resigns"]
[WhiteElo "2945"]
[BlackElo "2202"]
[Opening "Sicilian: closed, 2...Nc6"]
[ECO "B23"]
[NIC "SI.44"]
[Time "00:27:25"]
[TimeControl "180+2"]

1. e4 c5 2. Nc3 Nc6 3. Bb5 Nd4 4. Nf3 e6 5. O-O a6 6. Bd3 Nxf3+ 7. Qxf3 Qc7
8. b3 Bd6 9. Qh3 Ne7 10. Bb2 Be5 11. Rae1 b5 12. a4 b4 13. Nd1 Bxb2 14. Nxb2
e5 15. Qg3 Ng6 16. Nc4 d6 17. Ne3 O-O 18. Nd5 Qd8 19. f4 exf4 20. Nxf4 Nxf4
21. Rxf4 Be6 22. e5 dxe5 23. Rxe5 Qb6 24. Bxh7+ Kxh7 25. Rh5+ Kg8 26. Rfh4
c4+ 27. Kh1 {Black resigns} 1-0

[Event "ICC tourney 2171 (3 2)"]
[Site "Internet Chess Club"]
[Date "2020.12.05"]
[Round "10"]
[White "Hamlett144"]
[Black "clair"]
[Result "0-1"]
[ICCResult "White resigns"]
[WhiteElo "1185"]
[BlackElo "1187"]
[Opening "Robatsch (modern) defense"]
[ECO "B06"]
[NIC "KF.05"]
[Time "00:27:31"]
[TimeControl "180+2"]

1. e4 g6 2. d4 Bg7 3. Nf3 e6 4. c4 Ne7 5. Be2 h6 6. Nc3 d5 7. cxd5 exd5 8.
exd5 Nxd5 9. O-O O-O 10. Ne4 Bg4 11. h3 Bxf3 12. Bxf3 Nc6 13. Be3 Re8 14.
Nc5 Rb8 15. Rc1 Rxe3 16. fxe3 Nxe3 17. Qb3 Nxf1 18. Rxf1 Nxd4 19. Qc4 b5 20.
Qc1 Qd6 21. Rd1 Nxf3+ 22. gxf3 Qg3+ 23. Kf1 Qxf3+ 24. Ke1 Re8+ {White
resigns} 0-1

[Event "ICC tourney 2171 (3 2)"]
[Site "Internet Chess Club"]
[Date "2020.12.05"]
[Round "10"]
[White "rishik99"]
[Black "Drachekokosnuss"]
[Result "0-1"]
[ICCResult "White resigns"]
[WhiteElo "1275"]
[BlackElo "1534"]
[Opening "Vienna game"]
[ECO "C27"]
[NIC "VG.02"]
[Time "00:27:25"]
[TimeControl "180+2"]

1. e4 e5 2. Nc3 Nf6 3. Bc4 Nxe4 4. Qh5 Nd6 5. Qxe5+ Be7 6. Qxg7 Bf6 7. Qg4
Nc6 8. Bb3 Ne5 9. Qe2 O-O 10. d3 Re8 11. Be3 Nf5 12. O-O-O Nxe3 13. fxe3 d6
14. Nf3 Bg4 15. h3 Bh5 16. g4 Bg6 17. e4 Nxf3 18. Qxf3 Bxc3 19. bxc3 a5 20.
a3 a4 21. Ba2 Qe7 22. Rdf1 d5 23. Kd2 dxe4 24. Qf4 exd3 25. cxd3 Qe2+ 26.
Kc1 Qxa2 27. Qf3 Re2 28. Qxe2 Qxe2 29. Rd1 Ra6 30. Rhe1 Qa2 31. h4 Rb6 32.
Re8+ Kg7 {White resigns} 0-1

[Event "ICC tourney 2171 (3 2)"]
[Site "Internet Chess Club"]
[Date "2020.12.05"]
[Round "10"]
[White "GGuseinov"]
[Black "chiringuito"]
[Result "1-0"]
[ICCResult "Black resigns"]
[WhiteElo "2755"]
[BlackElo "1940"]
[Opening "Caro-Kann: Tartakower (Nimzovich) variation"]
[ECO "B15"]
[NIC "CK.06"]
[Time "00:27:22"]
[TimeControl "180+2"]

1. e4 c6 2. d4 d5 3. Nd2 dxe4 4. Nxe4 Nf6 5. Nxf6+ exf6 6. c3 Bd6 7. Bd3 O-O
8. Ne2 Re8 9. O-O Nd7 10. Ng3 Nf8 11. f4 Qc7 12. Qf3 c5 13. d5 c4 14. Bc2 b6
15. Kh1 Bb7 16. Nh5 Bc8 17. f5 Be5 18. d6 Qd7 19. Be4 Rb8 20. Bc6 Qd8 21.
Bxe8 Qxe8 22. Bf4 Bb7 23. Qg4 g6 24. Rae1 {Black resigns} 1-0

[Event "ICC tourney 2171 (3 2)"]
[Site "Internet Chess Club"]
[Date "2020.12.05"]
[Round "10"]
[White "PearsonH"]
[Black "python0812"]
[Result "0-1"]
[ICCResult "White checkmated"]
[WhiteElo "1428"]
[BlackElo "1546"]
[Opening "Queen's pawn: London system"]
[ECO "A45"]
[NIC "QP.07"]
[Time "00:27:29"]
[TimeControl "180+2"]

1. d4 Nf6 2. Bf4 e6 3. e3 c5 4. c3 cxd4 5. exd4 b6 6. Nd2 Bb7 7. Ngf3 Nd5 8.
Bg3 Be7 9. Bd3 Nc6 10. O-O O-O 11. Ne5 Nxe5 12. Bxe5 d6 13. Bg3 Bf6 14. Qc2
h6 15. Ne4 Be7 16. Rfe1 Rc8 17. Qe2 Qd7 18. a3 f5 19. Nd2 f4 20. Qxe6+ Qxe6
21. Rxe6 fxg3 22. c4 gxf2+ 23. Kf1 Nf4 24. Rxe7 Bxg2+ 25. Kxf2 Nd5+ 26. Kxg2
Nxe7 27. Ne4 d5 28. cxd5 Nxd5 29. Re1 Nf4+ 30. Kg3 Nxd3 31. Re3 Nxb2 32. Nd6
Rc2 33. d5 Nc4 34. Nxc4 Rxc4 35. d6 Rd4 36. Re7 Rxd6 37. Rxa7 Rd3+ 38. Kh4
Kh7 39. Ra4 Rfd8 40. Rb4 R8d4+ 41. Rxd4 Rxd4+ 42. Kg3 Ra4 43. h4 Rxa3+ 44.
Kg4 Ra4+ 45. Kf3 Rxh4 46. Ke3 b5 47. Kd3 b4 48. Kc2 g5 49. Kb2 g4 50. Kb3 g3
51. Kc2 g2 52. Kb2 g1=Q 53. Kb3 Qc5 54. Ka4 b3+ 55. Kxb3 Rb4+ 56. Ka3 Qa5#
{White checkmated}
0-1

[Event "ICC tourney 2171 (3 2)"]
[Site "Internet Chess Club"]
[Date "2020.12.05"]
[Round "10"]
[White "Shakhmatova"]
[Black "jaumevivesb"]
[Result "1-0"]
[ICCResult "Black resigns"]
[WhiteElo "1498"]
[BlackElo "1309"]
[Opening "Robatsch (modern) defense"]
[ECO "B06"]
[NIC "KF.05"]
[Time "00:27:29"]
[TimeControl "180+2"]

1. e4 g6 2. d4 Bg7 3. c3 c6 4. Bd3 d5 5. e5 Nh6 6. h3 O-O 7. Nf3 f6 8. O-O
Nf7 9. Bf4 Qb6 10. Qe2 e6 11. exf6 Bxf6 12. Ne5 Qc7 13. Nxg6 e5 14. Nxf8
exf4 15. Nxh7 Bd7 16. Nxf6+ Kf8 17. Re1 Qd6 18. Nh7+ Kg8 19. Qh5 Na6 20. Ng5
Qf6 21. Nxf7 Qxf7 22. Bg6 Qg7 23. Re5 Nc7 24. Rg5 Kf8 25. Nd2 Ne6 26. Rf5+
Kg8 27. Bf7+ Kf8 28. Bxe6+ Ke7 29. Bxd7 Kxd7 30. Rf7+ Qxf7 31. Qxf7+
{Black resigns}
1-0

[Event "ICC tourney 2171 (3 2)"]
[Site "Internet Chess Club"]
[Date "2020.12.05"]
[Round "10"]
[White "stephenwilly"]
[Black "hggonzalezzss"]
[Result "0-1"]
[ICCResult "White resigns"]
[WhiteElo "1576"]
[BlackElo "1522"]
[Opening "Sicilian"]
[ECO "B54"]
[NIC "SI.01"]
[Time "00:27:21"]
[TimeControl "180+2"]

1. e4 c5 2. Nf3 d6 3. d4 cxd4 4. Nxd4 g6 5. Nc3 Bg7 6. Be3 Nc6 7. Bb5 Bd7 8.
O-O Nf6 9. Re1 O-O 10. h3 a6 11. Nxc6 Bxc6 12. Bxc6 bxc6 13. a3 Rb8 14. Rb1
Qa5 15. Bd2 Qc7 16. Be3 Nd7 17. Qd3 Ne5 18. Qxa6 Rb7 19. f4 Nd7 20. Qd3 c5
21. Nd5 Qd8 22. Qa6 Rxb2 23. Rxb2 Bxb2 24. Rb1 Bd4 25. Bxd4 cxd4 26. Rb7 Nc5
27. Qc6 Nxb7 28. Qxb7 Re8 29. e5 dxe5 30. fxe5 Kf8 31. e6 Qc8 32. Qb2 Qxe6
33. Qxd4 f6 34. Nc7 Qe1+ 35. Kh2 Rc8 36. Qd7 Qe5+ {White resigns} 0-1

[Event "ICC tourney 2171 (3 2)"]
[Site "Internet Chess Club"]
[Date "2020.12.05"]
[Round "10"]
[White "Sricharan07"]
[Black "jy2020"]
[Result "0-1"]
[ICCResult "White resigns"]
[WhiteElo "1566"]
[BlackElo "1841"]
[Opening "Sicilian: Alapin's variation (2.c3)"]
[ECO "B22"]
[NIC "SI.47"]
[Time "00:27:17"]
[TimeControl "180+2"]

1. e4 c5 2. c3 Nf6 3. e5 Nd5 4. d4 cxd4 5. cxd4 d6 6. Nf3 Nc6 7. Bc4 dxe5 8.
dxe5 Ndb4 9. Qb3 e6 10. a3 Na5 11. Qa4+ Bd7 12. Bb5 Bxb5 13. Qxb5+ Nbc6 14.
Nc3 a6 15. Qe2 Nb3 16. Rb1 Nbd4 17. Nxd4 Nxd4 18. Qe4 Nc6 19. O-O Qa5 20.
Re1 Be7 21. b4 Qc7 22. Bf4 O-O 23. Rbc1 Qb6 24. Be3 Qc7 25. Bf4 Rac8 26. Na4
Rfd8 27. Nc5 Bxc5 28. Rxc5 Rd4 29. Qf3 Qd7 30. Rec1 Rd8 31. Qg3 Rd1+
{White resigns}
0-1

[Event "ICC tourney 2171 (3 2)"]
[Site "Internet Chess Club"]
[Date "2020.12.05"]
[Round "10"]
[White "chesswarriors12"]
[Black "IshanVannadil"]
[Result "1-0"]
[ICCResult "Black checkmated"]
[WhiteElo "1545"]
[BlackElo "1650"]
[Opening "Queen's pawn game"]
[ECO "E10"]
[NIC "QI.01"]
[Time "00:27:17"]
[TimeControl "180+2"]

1. d4 Nf6 2. c4 e6 3. Nf3 d5 4. g3 c6 5. Bg2 Bd6 6. O-O Nbd7 7. cxd5 cxd5 8.
Nc3 O-O 9. Re1 a6 10. e4 dxe4 11. Nxe4 Be7 12. Bf4 Nd5 13. Bd2 N7f6 14. Nc3
Bd7 15. Ne5 Bd6 16. Nxd7 Qxd7 17. Nxd5 exd5 18. Qb3 Bb8 19. Re2 Ba7 20. Bc3
Rfe8 21. Rae1 Rxe2 22. Rxe2 b5 23. Qc2 Rc8 24. Qd3 Rc4 25. Qe3 b4 26. Bxd5
bxc3 27. Bxc4 cxb2 28. Rxb2 h6 29. Bd3 Nd5 30. Qe5 f6 31. Qe4 Nc7 32. Qh7+
Kf7 33. Bg6+ Kf8 34. Qh8+ Ke7 35. Qxg7+ Kd6 36. Qxf6+ Ne6 37. Qe5+ Kc6 38.
Be4+ Qd5 39. Bxd5+ Kd7 40. Qxe6+ Kd8 41. Bc6 Kc7 42. Qd7# {Black checkmated}
1-0

[Event "ICC tourney 2171 (3 2)"]
[Site "Internet Chess Club"]
[Date "2020.12.05"]
[Round "10"]
[White "Eraser007"]
[Black "javasri"]
[Result "1-0"]
[ICCResult "Black checkmated"]
[WhiteElo "2059"]
[BlackElo "1664"]
[Opening "Sicilian"]
[ECO "B50"]
[NIC "SI.01"]
[Time "00:27:26"]
[TimeControl "180+2"]

1. e4 c5 2. Nf3 d6 3. c3 e6 4. d4 d5 5. exd5 exd5 6. Bb5+ Bd7 7. Qe2+ Qe7 8.
Bxd7+ Nxd7 9. dxc5 Qxe2+ 10. Kxe2 Bxc5 11. Be3 Bxe3 12. Kxe3 Ngf6 13. Nbd2
Ke7 14. h3 Rhe8 15. Kd4 Kd6 16. Rhe1 Nc5 17. g3 Nfe4 18. Nxe4+ dxe4 19. Ng5
f6 20. Nxe4+ Nxe4 21. Rxe4 Rxe4+ 22. Kxe4 Re8+ 23. Kd3 b5 24. a4 a6 25. axb5
axb5 26. Ra6+ Kc5 27. b4+ Kd5 28. Rb6 Re1 29. Rxb5+ Kc6 30. Rf5 Rh1 31. h4
Rd1+ 32. Kc4 Rf1 33. h5 Rd1 34. h6 gxh6 35. Rxf6+ Kc7 36. Rxh6 Rd7 37. b5
Rf7 38. Kc5 Rxf2 39. Rxh7+ Kb8 40. c4 Rg2 41. Kb6 Kc8 42. Rg7 Rf2 43. c5
Rf6+ 44. c6 Kd8 45. Kb7 Rf5 46. c7+ Ke8 47. c8=Q# {Black checkmated} 1-0

[Event "ICC tourney 2171 (3 2)"]
[Site "Internet Chess Club"]
[Date "2020.12.05"]
[Round "10"]
[White "DFKnights"]
[Black "A4-H5"]
[Result "1-0"]
[ICCResult "Black checkmated"]
[WhiteElo "1658"]
[BlackElo "1722"]
[Opening "Sicilian: Nimzovich-Rubinstein variation"]
[ECO "B29"]
[NIC "SI.43"]
[Time "00:27:20"]
[TimeControl "180+2"]

1. e4 c5 2. Nf3 Nf6 3. Nc3 d5 4. exd5 Nxd5 5. Bb5+ Bd7 6. Bc4 Be6 7. Ng5
Nxc3 8. Nxe6 Nxd1 9. Nxd8 Nxb2 10. Bxb2 Kxd8 11. Bxf7 Nc6 12. O-O Nb4 13.
Rac1 Kc7 14. a3 Nc6 15. Rfe1 e5 16. Bxe5+ Nxe5 17. Rxe5 Bd6 18. Rg5 g6 19.
Rd5 Kd7 20. Rd3 b5 21. Bd5 Rae8 22. g3 h5 23. Bf7 Re2 24. Bxg6 h4 25. Bf5+
Kc7 26. Kf1 Re5 27. Bg4 hxg3 28. Rxg3 Rxh2 29. Kg1 Rh4 30. Bf3 c4 31. Rg7+
Be7 32. Rb1 a6 33. a4 Kb6 34. Rg6+ Kc5 35. axb5 axb5 36. Rc6+ Kd4 37. Rc7
Rg5+ 38. Kf1 Bd6 39. Rd7 Kc5 40. Rd8 Rg7 41. Rc8+ Rc7 42. Rb8 b4 43. R8xb4
Rf7 44. Rb5+ Kd4 45. Rd5# {Black checkmated} 1-0

[Event "ICC tourney 2171 (3 2)"]
[Site "Internet Chess Club"]
[Date "2020.12.05"]
[Round "10"]
[White "akshajp"]
[Black "SicilianEnding"]
[Result "0-1"]
[ICCResult "White resigns"]
[WhiteElo "1244"]
[BlackElo "1725"]
[Opening "Queen's pawn game"]
[ECO "D00"]
[NIC "QP.07"]
[Time "00:27:28"]
[TimeControl "180+2"]

1. d4 Nf6 2. Nc3 d5 3. Bf4 g6 4. f3 Bg7 5. Qd2 Nc6 6. O-O-O O-O 7. h4 Re8 8.
g4 h5 9. gxh5 Nxh5 10. Bh6 Bh8 11. Bh3 Nxd4 12. Bxc8 Rxc8 13. e3 Nf5 14. Bg5
c6 15. Nge2 Qa5 16. Qd3 b5 17. e4 dxe4 18. fxe4 Nd6 19. Nf4 Nxf4 20. Bxf4 b4
21. h5 bxc3 22. hxg6 Qxa2 23. gxf7+ Kxf7 24. Rh7+ Bg7 25. Rxg7+ Kxg7 26.
Qxc3+ Kf7 27. Bxd6 exd6 28. Rf1+ Ke7 29. Qf6+ Kd7 30. Qg7+ Re7 31. Qg4+ Kc7
32. Kd2 Qxb2 33. Qg5 Qd4+ 34. Kc1 Qxe4 35. Qd2 Qe3 {White resigns} 0-1

[Event "ICC tourney 2171 (3 2)"]
[Site "Internet Chess Club"]
[Date "2020.12.05"]
[Round "10"]
[White "GrandPatzer5"]
[Black "TheChessShark"]
[Result "1-0"]
[ICCResult "Black resigns"]
[WhiteElo "1854"]
[BlackElo "1417"]
[Opening "Philidor: Hanham variation"]
[ECO "C41"]
[NIC "KP.08"]
[Time "00:27:44"]
[TimeControl "180+2"]

1. e4 e5 2. Nf3 d6 3. d4 Nd7 4. Bc4 c6 5. dxe5 dxe5 6. Ng5 Nh6 7. O-O Be7 8.
f4 O-O 9. Nc3 exf4 10. Bxf4 Bxg5 11. Bd6 Be7 12. Bf4 Kh8 13. Bxh6 gxh6 14.
Qh5 Bg5 15. Bxf7 Ne5 16. h3 Bd7 17. Rad1 Qc7 18. Bb3 Ng6 19. Ne2 Be3+ 20.
Kh1 Rxf1+ 21. Rxf1 Rf8 22. Rxf8+ Nxf8 23. Qf7 Ne6 24. Bxe6 Qg3 25. Qf8+
{Black resigns}
1-0

[Event "ICC tourney 2171 (3 2)"]
[Site "Internet Chess Club"]
[Date "2020.12.05"]
[Round "10"]
[White "blackjack721"]
[Black "ConnorGo"]
[Result "1-0"]
[ICCResult "Black checkmated"]
[WhiteElo "1208"]
[BlackElo "1253"]
[Opening "Sicilian: Smith-Morra gambit"]
[ECO "B21"]
[NIC "SI.48"]
[Time "00:27:18"]
[TimeControl "180+2"]

1. e4 c5 2. d4 cxd4 3. Qxd4 Nc6 4. Qd3 e5 5. Nc3 Bb4 6. Bd2 Nf6 7. f3 O-O 8.
Nge2 a6 9. Nd5 Bxd2+ 10. Qxd2 Nxd5 11. exd5 Nd4 12. Nxd4 exd4 13. O-O-O b5
14. Qxd4 Bb7 15. Bd3 Rc8 16. Qg4 g6 17. Be4 Qa5 18. Qxd7 Ba8 19. h4 Qxa2 20.
h5 Rfd8 21. Qg4 Qa1+ 22. Kd2 Qa5+ 23. Ke2 b4 24. hxg6 Qb5+ 25. Kf2 fxg6 26.
Rxh7 Qc5+ 27. Kg3 Qd6+ 28. Kf2 Bxd5 29. Bxd5+ Kxh7 30. Rh1+ Kg7 31. Qd4+ Qf6
32. Qa7+ Kf8 33. Bb3 Rd2+ 34. Ke1 Qd4 35. Qf7# {Black checkmated} 1-0

[Event "ICC tourney 2171 (3 2)"]
[Site "Internet Chess Club"]
[Date "2020.12.05"]
[Round "10"]
[White "pmchess98"]
[Black "DrKnight01"]
[Result "1/2-1/2"]
[ICCResult "Game drawn by repetition"]
[WhiteElo "1405"]
[BlackElo "1289"]
[Opening "Scotch opening"]
[ECO "C44"]
[NIC "KP.10"]
[Time "00:27:26"]
[TimeControl "180+2"]

1. e4 e5 2. Nf3 Nc6 3. d4 f6 4. Bc4 Be7 5. O-O d6 6. Nc3 Bg4 7. h3 Bh5 8. d5
Nd4 9. g4 Nxf3+ 10. Qxf3 Bg6 11. Bb5+ Kf7 12. h4 h5 13. g5 a6 14. Bc4 b5 15.
Bb3 Qd7 16. a4 Rf8 17. axb5 axb5 18. Ne2 Bd8 19. Ng3 Ke8 20. Nf5 fxg5 21.
Bxg5 Bxf5 22. Bxd8 Kxd8 23. Ra8+ Ke7 24. Rxf8 Kxf8 25. Qxf5+ Qxf5 26. exf5
Nf6 27. f4 exf4 28. Rxf4 Ke7 29. c4 bxc4 30. Bxc4 Ra8 31. Rf2 Ra1+ 32. Kg2
Ng4 33. Re2+ Kf6 34. Bd3 Rd1 35. Re6+ Kf7 36. Be2 Rd2 37. Kg3 Rxb2 38. Bxg4
hxg4 39. Kxg4 Rg2+ 40. Kh5 Rf2 41. Kg4 Rg2+ 42. Kh5 Rf2 43. Kg5 Rg2+ 44. Kh5
Rf2 45. Kg4 Rg2+ 46. Kh5 Rf2 47. Kg5 Rg2+ 48. Kh5 Rf2 49. Kg5 Rg2+ 50. Kh5
Rf2 51. Kg5 Rg2+ 52. Kh5 Rf2 53. Kg5 Rg2+ 54. Kh5 Rf2 55. Kg5 Rg2+ 56. Kh5
Rf2 {Game drawn by repetition} 1/2-1/2

[Event "ICC tourney 2171 (3 2)"]
[Site "Internet Chess Club"]
[Date "2020.12.05"]
[Round "10"]
[White "Goran21"]
[Black "TjkTiger"]
[Result "0-1"]
[ICCResult "White checkmated"]
[WhiteElo "1827"]
[BlackElo "2413"]
[Opening "Sicilian: Hungarian variation"]
[ECO "B27"]
[NIC "SI.43"]
[Time "00:27:29"]
[TimeControl "180+2"]

1. e4 c5 2. Nf3 g6 3. Bc4 d6 4. c3 Nf6 5. d3 Bg7 6. h3 O-O 7. O-O Nc6 8. a3
d5 9. exd5 Nxd5 10. Re1 h6 11. Nbd2 Nb6 12. Ne4 Nxc4 13. dxc4 Qxd1 14. Rxd1
b6 15. Bf4 Na5 16. Ned2 Be6 17. Re1 Rfd8 18. b4 Nxc4 19. Nxc4 Bxc4 20. Rxe7
cxb4 21. axb4 a5 22. bxa5 bxa5 23. Bc7 Rd5 24. Be5 Bf8 25. Rc7 Be2 26. Bd4
Bxf3 27. gxf3 a4 28. Ra2 a3 29. Be3 Rb5 30. Rd7 Rb2 31. Ra1 a2 32. Rdd1 Rc2
33. Rd2 Rxd2 34. Bxd2 Kg7 35. Kf1 Kf6 36. Ke2 Kf5 37. Kd3 g5 38. Kc2 Bg7 39.
Kb3 Rd8 40. Rxa2 Rd3 41. Ra5+ Kg6 42. Ra6+ Kh7 43. Kc2 Rxf3 44. Be3 f5 45.
Ra7 Kg6 46. Ra6+ Kh5 47. c4 f4 48. Ba7 Rc3+ 49. Kd2 Rxc4 50. f3 Rc3 51. Ke2
Rc2+ 52. Kf1 Kh4 53. Rg6 Bf8 54. Rf6 Bc5 55. Bb8 Kg3 56. Rxh6 Kxf3 57. Ke1
Be3 58. Rd6 Rc8 59. Rd8 Rxd8 60. Bc7 Bf2+ 61. Kf1 Rd1# {White checkmated}
0-1

[Event "ICC tourney 2171 (3 2)"]
[Site "Internet Chess Club"]
[Date "2020.12.05"]
[Round "10"]
[White "needGodcom"]
[Black "chessfidebullet"]
[Result "1-0"]
[ICCResult "Black forfeits on time"]
[WhiteElo "1635"]
[BlackElo "1126"]
[Opening "QGD: 4.Nf3"]
[ECO "D37"]
[NIC "QO.16"]
[Time "00:27:19"]
[TimeControl "180+2"]

1. d4 d5 2. c4 e6 3. Nc3 Nf6 4. Nf3 Nc6 5. e3 Bd6 6. Bd3 O-O 7. h4 Na5 8. c5
Be7 9. h5 h6 10. Ne5 b6 11. cxb6 axb6 12. Rh3 c5 13. Rg3 Kh8 14. Ng4 Nc6 15.
e4 cxd4 16. exd5 exd5 17. Nxf6 Bxf6 18. Ne2 Bh4 19. Rf3 Bg4 20. Rf4 Ne5 21.
Rxd4 Qf6 22. Rf4 Qd6 23. Kf1 Rae8 24. f3 Nxd3 25. Qxd3 Qd7 26. Rxg4 f5 27.
Rxh4 Qe7 28. Rd4 Qc7 29. Bf4 Qe7 30. Bg3 g5 31. hxg6 Qg5 32. Rxd5 Qh5 33.
Qd4+ Kg8 34. Rd7 Qxg6 35. Bd6 Rf7 36. Qd5 Kg7 37. Rxf7+ Qxf7 38. Qxf7+ Kxf7
39. Nf4 Rd8 40. Rd1 Ke8 41. b4 Kd7 42. a4 Kc6 43. b5+ Kb7 44. Ne6 Re8 45.
Nc7 Re3 46. Nd5 Rb3 47. Bc7 Rb2 48. Bxb6 Ra2 49. a5 h5 50. Be3 Rxa5 51. Rb1
Kc8 52. Nf4 Ra3 53. Kf2 {Black forfeits on time} 1-0

[Event "ICC tourney 2171 (3 2)"]
[Site "Internet Chess Club"]
[Date "2020.12.05"]
[Round "10"]
[White "JohnnyHop98"]
[Black "coolsportsguy"]
[Result "1-0"]
[ICCResult "Black checkmated"]
[WhiteElo "1791"]
[BlackElo "1673"]
[Opening "Queen's pawn: Chigorin variation"]
[ECO "D00"]
[NIC "QP.08"]
[Time "00:27:35"]
[TimeControl "180+2"]

1. d4 d5 2. Nc3 Nf6 3. Bf4 e6 4. Nb5 Na6 5. a3 c6 6. Nc3 Bd6 7. e3 Bxf4 8.
exf4 Nc7 9. Nf3 O-O 10. Ne5 Ne4 11. Nxe4 dxe4 12. Qd2 f6 13. Nc4 Qd7 14. Qe3
b5 15. Nd2 f5 16. Nb3 Nd5 17. Qd2 Qd6 18. g3 a5 19. Nc5 Rd8 20. Rd1 Bd7 21.
b3 b4 22. a4 Rab8 23. Bc4 Be8 24. Bxd5 exd5 25. Qe3 Bh5 26. Rc1 Bf3 27. Rg1
Qh6 28. h4 Re8 29. Kd2 Kh8 30. Nd7 Rbd8 31. Nc5 Qd6 32. c3 bxc3+ 33. Rxc3
Rb8 34. Rb1 h6 35. Rcc1 Rb6 36. Qc3 Qe7 37. Re1 Rb4 38. Na6 Rb6 39. Nc5 Qa7
40. Re3 Rb4 41. Rbe1 Reb8 42. Rb1 R8b6 43. Rb2 Qe7 44. Ke1 Qf6 45. Nd7 Qxd4
46. Rxf3 Qxc3+ 47. Rxc3 d4 48. Rcc2 Rxb3 49. Nxb6 Ra3 50. Rxc6 d3 51. Kd2
Ra1 52. Nc4 Rxa4 53. Rc7 Ra1 54. Ne5 a4 55. Rc8+ Kh7 56. Rbb8 Ra2+ 57. Ke3
Re2+ 58. Kd4 g5 59. Rb7# {Black checkmated} 1-0